 Dungeon Crawl Stone Soup version 0.27-a0-488-g88baaf19db (webtiles) character file.

Game seed: 924527857814496661

31156 HoaS the Martial Artist (level 12, -19/103 HPs)
             Began as a Demigod Gladiator on Mar 1, 2021.
             Demolished by a six-headed hydra simulacrum (33 damage)
             ... on level 5 of the Lair of Beasts.
             The game lasted 00:39:08 (19433 turns).

HoaS the Martial Artist (Demigod Gladiator)        Turns: 19433, Time: 00:39:08

Health: -19/103    AC: 20    Str: 23    XL:     12   Next: 96%
Magic:  15/15      EV: 25    Int: 10    God:
Gold:   752        SH:  0    Dex: 23    Spells: 11/11 levels left

rFire    . . .     SeeInvis +     - Unarmed
rCold    . . .     Faith    .   (no shield)
rNeg     . . .     Spirit   .   E - +3 acid dragon scales
rPois    .         Reflect  .   a - +2 helmet {SInv}
rElec    .         Harm     .   d - +1 cloak
rCorr    +         Rampage  +   m - +0 pair of gloves
Will     ++...                  H - +1 pair of boots {rampage}
Stlth    ++........             G - amulet of regeneration
HPRegen  1.27/turn              z - ring of willpower
MPRegen  0.14/turn              B - +4 ring of evasion

@: no status effects
A: high mp 1
a: no special abilities


You were on level 5 of the Lair of Beasts.
You visited 2 branches of the dungeon, and saw 15 of its levels.
You also visited: Sewer and Ossuary.

You collected 752 gold pieces.

Inventory:

Missiles
 n - 19 poisoned darts
 p - 8 boomerangs (quivered)
 D - 4 javelins
 F - 4 curare-tipped darts
Armour
 a - a +2 helmet of see invisible (worn)
 d - a +1 cloak (worn)
 m - a +0 pair of gloves (worn)
 E - +3 acid dragon scales (worn)
 H - a +1 pair of boots of rampaging (worn)
Jewellery
 c - a ring of flight
 o - a ring of poison resistance
 z - a ring of willpower (left hand)
 B - a +4 ring of evasion (right hand)
 C - a ring of ice
 G - an amulet of regeneration (around neck)
Wands
 s - a wand of random effects (29)
 y - a wand of iceblast (10)
 A - a wand of charming (9)
Scrolls
 h - 9 scrolls of teleportation
 l - 3 scrolls of magic mapping
 q - 3 scrolls of fear
 u - 4 scrolls of fog
Potions
 b - 5 potions of attraction
 e - 5 potions of curing
 f - 3 potions of lignification
 g - a potion of haste
 i - 2 potions of might
 k - 2 potions of cancellation
 r - a potion of resistance
 t - 2 potions of heal wounds
 v - a potion of ambrosia
 w - 3 potions of flight
 x - a potion of mutation {unknown}


   Skills:
 + Level 8.9 Fighting
 - Level 1.7 Throwing
 + Level 8.7 Armour
 + Level 9.2 Dodging
 * Level 14.4 Unarmed Combat


You had 11 spell levels left.
You didn't know any spells.
Your spell library contained the following spells:

 Spells                   Type           Power        Failure   Level
 Animate Skeleton         Necr           0%           41%         1
 Apportation              Tloc           0%           41%         1
 Corona                   Hex            0%           41%         1
 Pain                     Necr           0%           41%         1
 Sandblast                Erth           0%           41%         1
 Summon Small Mammal      Summ           0%           41%         1
 Passwall                 Tmut/Erth      0%           56%         2
 Confusing Touch          Hex            0%           80%         3
 Gell's Gravitas          Tloc           0%           80%         3
 Lesser Beckoning         Tloc           0%           80%         3
 Stone Arrow              Conj/Erth      0%           80%         3
 Teleport Other           Tloc           0%           80%         3
 Vampiric Draining        Necr           0%           80%         3
 Animate Dead             Necr           0%           99%         4
 Petrify                  Tmut/Erth      0%           99%         4
 Agony                    Necr           0%           100%        5
 Lee's Rapid Deconstruct  Erth           0%           100%        5
 Metabolic Englaciation   Hex/Ice        0%           100%        5
 Yara's Violent Unravell  Hex/Tmut       0%           100%        5
 Malign Gateway           Summ/Tloc      0%           100%        7
 Spellforged Servitor     Conj/Summ      0%           100%        7


Dungeon Overview and Level Annotations

Branches:
Dungeon (10/15)            Temple (0/1) D:6            Lair (5/6) D:9
  Swamp (0/4) Lair:4        Snake (0/4) Lair:4        Slime (0/5) Lair:5
  Sewer (visited)         Ossuary (visited)
    Orc: D:9-12

Shops:
D:3 *   D:10 (

Annotations:
D:10 exclusion: door
Lair:2 exclusion: 2 oklob plants
Lair:5 exclusion: 3 oklob plants, Nebesus's ghost, journeyman KoBe


Innate Abilities, Weirdness & Mutations

You have an increased reservoir of magic. (+10% MP)


Message History

You miss the rime drake.
The rime drake is severely wounded.
The rime drake closely misses you.
You barely miss the rime drake.
The rime drake is severely wounded.
The rime drake misses you.
You punch the rime drake!
The rime drake is almost dead.
The rime drake completely misses you.
You pummel the rime drake!!
You kill the rime drake!
The ice encasing you melts away.
You barely miss the rime drake. The rime drake barely misses you.
You hit the rime drake.
The rime drake is lightly wounded.
The rime drake completely misses you.
You hit the rime drake.
The rime drake is lightly wounded.
The rime drake closely misses you.
You pummel the rime drake!!
The rime drake is severely wounded.
The rime drake bites you but does no damage.
You punch the rime drake!
You kill the rime drake!
You punch the six-headed hydra simulacrum!
You punch the six-headed hydra simulacrum.
The six-headed hydra simulacrum is moderately damaged.
You pummel the six-headed hydra simulacrum!!
The six-headed hydra simulacrum is severely damaged.
The six-headed hydra simulacrum bites you!
The six-headed hydra simulacrum freezes you!!
The six-headed hydra simulacrum barely misses you.
The six-headed hydra simulacrum bites you!
The six-headed hydra simulacrum freezes you!!
* * * LOW HITPOINT WARNING * * *
The six-headed hydra simulacrum bites you but does no damage.
The six-headed hydra simulacrum bites you!
* * * LOW HITPOINT WARNING * * *
The six-headed hydra simulacrum freezes you!!
You die...

..[#...'......................#
=.?#...'......................#
.=##...'....(..#Z...........#.#
..#....#...#.Z..Z#.........P#.#
.##....#...######.........###.#
##....##...# ##.......#.####
)....##...## ##Z........##
...###....# ##ZZ.........##
####...#.## #@#...........#
......#..# ###........#..#
.#...#..## ##.#...P#####
....##P## ###...## ..#.####
#P..P# ....# ###...## .####
#.##..# ## ##....# # ##..#####


You could see an eight-headed hydra simulacrum, a six-headed hydra simulacrum
and a dream sheep simulacrum.

Vanquished Creatures
  A rakshasa (D:10)
  4 hydras
  A catoblepas (Lair:3)
  Erica (D:8)
  3 death yaks
  Nergalle (D:9)
  Pikel (D:9)
  A swamp dragon (Lair:4)
  Joseph (Lair:1)
  12 elephants
  3 black mambas
  2 torpor snails
  8 cane toads
  4 rime drakes
  Maggie (D:8)
  3 komodo dragons
  Psyche (D:9)
  7 polar bears
  A troll (D:10)
  2 dream sheep (Lair:3)
  Sigmund (D:2)
  4 basilisks
  2 wraiths (Ossuary)
  A wyvern (D:6)
  19 yaks
  Menkaure (D:6)
  3 nagas (Lair:4)
  Edmund (D:6)
  An acid dragon (D:10)
  11 water moccasins
  7 orc warriors
  Duvessa (D:6)
  3 ice beasts
  4 black bears
  4 ogres
  A centaur (D:5)
  4 lemures
  A phantom (D:7)
  19 bullfrogs
  Dowan (D:6)
  2 scorpions
  A water moccasin skeleton (D:4)
  3 killer bees (D:7)
  2 wights (Ossuary)
  An electric eel (Lair:1)
  A bullfrog zombie (D:10)
  A quasit (D:5)
  2 centaur zombies
  2 hounds
  A jelly (D:5)
  A gnoll shaman (D:3)
  3 orc priests
  Crazy Yiuf (D:2)
  An iguana (Lair:4)
  Ijyb (D:4)
  Jessica (D:2)
  Terence (D:3)
  10 orc wizards
  5 worker ants
  3 hound skeletons
  Robin (D:1)
  2 worker ant zombies (D:10)
  6 gnolls
  15 adders
  3 river rats (Sewer)
  3 shadow imps
  3 white imps
  2 oozes
  4 worms
  5 dart slugs
  6 leopard geckos
  21 orcs
  12 ball pythons
  5 giant cockroaches
  20 goblins
  15 hobgoblins
  14 jackals
  6 quokkas
  A ball python skeleton (Ossuary)
  11 bats
  9 frilled lizards
  A hobgoblin skeleton (Ossuary)
  2 hobgoblin zombies (Ossuary)
  10 kobolds
  2 kobold zombies (Ossuary)
  A leopard gecko skeleton (D:4)
  2 orc skeletons (Ossuary)
  An orc zombie (Ossuary)
  A quokka zombie (D:8)
  34 rats
408 creatures vanquished.

Vanquished Creatures (others)
  An orc wizard (D:6)
  An orc (D:8)
  A bush (Lair:4)
  10 fungi
  25 plants
38 creatures vanquished.

Grand Total: 446 creatures vanquished

Notes
Turn   | Place    | Note
-------+----------+-------------------------------------------
     0 | D:1      | HoaS the Demigod Gladiator began the quest for the Orb.
     0 | D:1      | Reached XP level 1. HP: 17/17 MP: 3/3
    30 | D:1      | Reached skill level 3 in Unarmed Combat
   350 | D:1      | Reached XP level 2. HP: 21/24 MP: 4/4
   842 | D:1      | Reached XP level 3. HP: 22/29 MP: 5/5
   947 | D:1      | Reached skill level 4 in Unarmed Combat
  1186 | D:2      | Noticed Jessica
  1198 | D:2      | Killed Jessica
  1211 | D:2      | Reached XP level 4. HP: 14/36 MP: 6/6
  1615 | D:2      | Noticed Robin
  1705 | D:1      | Killed Robin
  1706 | D:1      | Reached skill level 5 in Unarmed Combat
  1779 | D:2      | Noticed Sigmund
  2026 | D:2      | Killed Sigmund
  2027 | D:2      | Reached skill level 6 in Unarmed Combat
  2027 | D:2      | Reached XP level 5. HP: 35/41 MP: 7/7
  2318 | D:2      | Found a runed translucent door.
  2319 | D:2      | Noticed Crazy Yiuf
  2597 | D:2      | Killed Crazy Yiuf
  2598 | D:2      | Reached XP level 6. HP: 38/48 MP: 8/8
  2828 | D:2      | HP: 1/48 [gnoll/+0 halberd (7)]
  3259 | D:3      | Noticed Terence
  3270 | D:3      | Killed Terence
  3347 | D:3      | Found an iron altar of Okawaru.
  3395 | D:3      | Found Zin's Purification Station.
  3400 | D:3      | Found a glowing silver altar of Zin.
  3455 | D:3      | Found a faded altar of an unknown god.
  3675 | D:3      | Reached skill level 7 in Unarmed Combat
  4098 | D:4      | Reached XP level 7. HP: 53/53 MP: 9/9
  4233 | D:4      | Found a sacrificial altar of Ru.
  4291 | D:4      | Noticed Ijyb
  4338 | D:4      | Killed Ijyb
  4404 | D:4      | Found a shadowy altar of Dithmenos.
  4410 | D:4      | Reached skill level 8 in Unarmed Combat
  4521 | D:5      | Entered Level 5 of the Dungeon
  4880 | D:5      | Found a glowing drain.
  4892 | Sewer    | Entered a sewer
  5204 | Sewer    | Reached skill level 9 in Unarmed Combat
  5532 | D:5      | Reached skill level 1 in Armour
  5532 | D:5      | Reached XP level 8. HP: 46/61 MP: 10/10
  6144 | D:6      | Found a glowing golden altar of the Shining One.
  6163 | D:6      | Noticed Menkaure
  6168 | D:6      | Noticed Edmund
  6174 | D:6      | Killed Menkaure
  6235 | D:6      | Killed Edmund
  6488 | D:6      | Found a sand-covered staircase.
  6496 | Ossuary  | Entered an ossuary
  6754 | Ossuary  | Reached skill level 10 in Unarmed Combat
  6816 | Ossuary  | Reached XP level 9. HP: 50/71 MP: 11/11
  6966 | D:6      | Found a staircase to the Ecumenical Temple.
  7005 | D:6      | Noticed Duvessa
  7005 | D:6      | Noticed Dowan
  7014 | D:6      | Killed Duvessa
  7021 | D:6      | Killed Dowan
  7814 | D:7      | Found a shimmering blue altar of Sif Muna.
  8174 | D:8      | Noticed Erica
  8192 | D:8      | Killed Erica
  8193 | D:8      | Reached skill level 5 in Dodging
  8563 | D:8      | Found a sparkling altar of Nemelex Xobeh.
  8700 | D:8      | Noticed Maggie
  8723 | D:8      | Killed Maggie
  8724 | D:8      | Reached skill level 5 in Fighting
  8724 | D:8      | Reached skill level 11 in Unarmed Combat
  8853 | D:8      | Found a hazy altar of Hepliaklqana.
  8853 | D:8      | Found a snail-covered altar of Cheibriados.
  8878 | D:8      | Found an opulent altar of Gozag.
  9183 | D:9      | Noticed Pikel
  9215 | D:9      | Killed Pikel
  9216 | D:9      | Reached XP level 10. HP: 79/81 MP: 13/13
  9586 | D:9      | Found a staircase to the Lair.
  9999 | D:10     | Entered Level 10 of the Dungeon
 10018 | D:10     | Reached skill level 5 in Armour
 10042 | D:10     | Noticed Psyche
 10281 | D:9      | Killed Psyche
 10759 | D:10     | Found Ingegi's Antique Weapon Shoppe.
 11011 | D:10     | Noticed a rakshasa
 11081 | D:10     | Killed a rakshasa
 11401 | D:10     | Noticed a manticore
 11803 | D:10     | Noticed a boulder beetle
 11908 | Lair:1   | Entered Level 1 of the Lair of Beasts
 11908 | Lair:1   | Noticed Nergalle
 11912 | Lair:1   | Noticed a five-headed hydra
 12040 | Lair:1   | Noticed a black mamba
 12080 | D:9      | Reached skill level 12 in Unarmed Combat
 12291 | D:9      | Killed a five-headed hydra
 12734 | D:9      | Killed Nergalle
 12735 | D:9      | Reached XP level 11. HP: 55/91 MP: 11/14
 13663 | Lair:1   | Identified Fuippech's Incunabulum of Creative Displacement
 13849 | Lair:1   | Noticed Joseph
 13875 | Lair:1   | Killed Joseph
 14908 | Lair:2   | Reached skill level 13 in Unarmed Combat
 15727 | Lair:3   | Noticed a catoblepas
 15764 | Lair:3   | Killed a catoblepas
 16473 | Lair:3   | Noticed a seven-headed hydra
 16492 | Lair:3   | Killed a seven-headed hydra
 16496 | Lair:3   | Reached XP level 12. HP: 61/101 MP: 11/15
 17493 | Lair:4   | Noticed a seven-headed hydra
 17506 | Lair:3   | Killed a seven-headed hydra
 17716 | Lair:4   | Reached skill level 14 in Unarmed Combat
 17869 | Lair:4   | HP: 5/103 [poisoned by a swamp dragon (poison gas)]
 17993 | Lair:4   | Found a staircase to the Swamp.
 18328 | Lair:4   | Found a staircase to the Snake Pit.
 18492 | Lair:5   | Noticed a four-headed hydra
 18506 | Lair:5   | Killed a four-headed hydra
 18596 | Lair:5   | Found a runed translucent gate.
 18596 | Lair:5   | Found a runed translucent gate.
 18596 | Lair:5   | Found a runed translucent gate.
 18634 | Lair:5   | Noticed Nebesus's ghost (journeyman KoBe)
 19024 | Lair:5   | Found a staircase to the Slime Pits.
 19433 | Lair:5   | Demolished by a six-headed hydra simulacrum

Illustrated notes

Levels and vault maps discovered:
D:1:      saegor_arrival_under_anarchy, layout_basic
D:2:      layout_basic, uniq_sigmund, uniq_jessica, uniq_robin,
          uniq_crazy_yiuf_cottage
D:3:      layout_rooms, zin_purify, nicolae_overflow_crystal_walls,
          chequers_ecumenical_altar_island, uniq_terence
D:4:      layout_cave_pods, grunt_dithmenos_shadows,
          nicolae_ru_great_annihilating_truth, uniq_ijyb
D:5:      corexii_shack_village, layout_cave_pools, portal_sewer_entry_e,
          serial_bayou_lagoon_b
D:6:      layout_loops_ring, nicolae_tso_carved_into_rock, temple_doors_e,
          lightli_ossuary_entry_decrepit_ruins, uniq_edmund, uniq_duvessa,
          uniq_menkaure
D:7:      layout_loops_ring, led_sif_pool
D:8:      layout_rooms, gammafunk_temple_overflow_elements, marbit_many_paths,
          kennysheep_mini_moat, uniq_maggie, uniq_erica
D:9:      layout_irregular_city, grunt_lair_entry_orc_guard_hut, uniq_pikel
D:10:     layout_loops_cross, serial_shops, shop, minmay_shattered_shrine,
          uniq_psyche
Lair:1:   layout_regular_city, nicolae_quartered_pool_super,
          cheibrodos_lair_lostbears, serial_bayou_shore_a, uniq_joseph,
          uniq_nergalle
Lair:2:   layout_cave_pods, minmay_lair_oklob_chamber, grunt_megastairs_3
Lair:3:   layout_layer_cave, cheibrodos_lair_caveside_slide, grunt_megastairs_4,
          lemuel_fruit_fields, lemuel_fruit_tree, infiniplex_staircase_pool_2
Lair:4:   layout_hall_layers, minmay_swamp_entry_reptiles,
          minmay_snake_entry_guardpost_small, chequers_serial_rivers_micro_a
Lair:5:   statuecave_lemuel, layout_cave_pods, minmay_slime_entry_oklob_open,
          gammafunk_ghost_icy

Skill      XL: |  1  2  3  4  5  6  7  8  9 10 11 12 |
---------------+-------------------------------------+-----
Unarmed Combat | 3 4 6 7 9 10 11 12 13 14 | 14.4
Fighting       | 2 3 5 6 7 8 |  8.9
Armour         | 1 3 4 6 7 8 |  8.7
Dodging        | 3 4 5 6 8 9 |  9.2
Throwing       | |  1.7

Action                   |  1- 3 |  4- 6 |  7- 9 | 10-12 || total
-------------------------+-------+-------+-------+-------++-------
Melee: Unarmed           |   124 |   250 |   678 |   816 ||  1868
       Punch             |     3 |     8 |    31 |    96 ||   138
Throw: Throwing net      |       |     2 |     1 |       ||     3
       Boomerang         |       |       |       |    18 ||    18
Evoke: Wand              |       |       |     2 |    12 ||    14
  Use: Scroll            |     2 |     8 |     8 |    10 ||    28
       Potion            |       |       |     1 |     9 ||    10
 Stab: Sleeping          |     1 |       |       |     1 ||     2
       Held in net/web   |       |     1 |       |       ||     1
       Paralysed         |       |       |     1 |       ||     1
Armor: Leather armour    |    45 |    10 |       |       ||    55
       Ring mail         |       |    49 |       |       ||    49
       Scale mail        |       |    13 |       |       ||    13
       Chain mail        |       |    57 |   193 |       ||   250
       Plate armour      |       |       |   136 |   110 ||   246
       Troll leather arm |       |       |    21 |       ||    21
       Acid dragon scale |       |       |       |   259 ||   259
       Skin              |       |       |       |     9 ||     9
Dodge: Dodged            |    96 |   171 |   273 |   651 ||  1191

Table legend: (Time is in decaauts)
 A = Elapsed time spent in this place.
 B = Non-inter-level travel time spent in this place.
 C = Inter-level travel time spent in this place.
 D = Time resting spent in this place.
 E = Time spent auto-exploring this place.
 F = Levels seen in this place.
 G = Mean time per level.
                   A        B        C        D        E       F      G
               +--------+--------+--------+--------+--------+-----+--------+
         Total |  19240 |  18702 |    538 |   6119 |   8946 |  17 | 1131.8 |
       Dungeon |  11900 |  11555 |    345 |   4429 |   4905 |  10 | 1190.0 |
          Lair |   6273 |   6080 |    193 |   1385 |   3691 |   5 | 1254.6 |
         Sewer |    611 |    611 |      0 |    120 |    206 |   1 |  611.0 |
       Ossuary |    455 |    455 |      0 |    185 |    143 |   1 |  455.0 |
               +--------+--------+--------+--------+--------+-----+--------+

Top non-repeatable levels by time:
     D:9: 2562 daAuts
  Lair:3: 1822 daAuts
     D:2: 1751 daAuts
    D:10: 1420 daAuts
     D:1: 1343 daAuts
  Lair:1: 1288 daAuts
  Lair:2: 1248 daAuts
     D:6: 971 daAuts
  Lair:5: 959 daAuts
  Lair:4: 954 daAuts
     D:8: 853 daAuts
     D:7: 810 daAuts
     D:4: 784 daAuts
     D:5: 783 daAuts
     D:3: 618 daAuts
